 Dungeon Crawl Stone Soup version 0.18-a0-844-g9229740 (webtiles) character file.

58 JokEr the Poker (level 4, -4/35 HPs)
             Began as a Merfolk Skald on Dec 18, 2015.
             Slain by Crazy Yiuf
             ... wielding a +4 quarterstaff of chaos
              (5 damage)
             ... on level 2 of the Dungeon.
             The game lasted 00:05:41 (2411 turns).

JokEr the Poker (Merfolk Skald)                     Turns: 2411, Time: 00:05:41

Health: -4/35      AC:  8    Str: 13    XL:     4   Next: 2%
Magic:  7/7        EV:  5    Int: 11    God:
Gold:   100        SH:  0    Dex: 13    Spells: 1 memorised, 6 levels left

rFire  . . .     SeeInvis .     a - +0 spear
rCold  . . .     Gourm    .     p - +0 chain mail
rNeg   . . .     Faith    .     (no shield)
rPois  .         Spirit   .     (no helmet)
rElec  .         Dismiss  .     (no cloak)
rCorr  .         Reflect  .     (no gloves)
SustAt .         Harm     .     (no boots)
MR     .....                    (no amulet)
Stlth  ..........               (no ring)
                                l - ring of wizardry

@: lethally poisoned (-4 -> -11), drained, not resistant to hostile
enchantments, extremely unstealthy
A: change form in water, swift swim
a: no special abilities


You were on level 2 of the Dungeon.
You were not hungry.

You visited 1 branch of the dungeon, and saw 2 of its levels.

You collected 100 gold pieces.

Inventory:

Hand Weapons
 a - a +0 spear (weapon)
Armour
 p - a +0 chain mail (worn)
Jewellery
 f - an uncursed ring of magical power
 l - a ring of wizardry (left hand)
 o - an uncursed ring of sustain attributes {unknown}
Scrolls
 b - 2 scrolls of enchant armour
Potions
 j - 2 potions of agility {unknown}
 m - a potion of heal wounds {unknown}
Books
 c - a book of Battle

   Spells                             Type                      Level
   a - Infusion                       Charms                       1
   b - Shroud of Golubria             Charms/Translocation         2
   c - Song of Slaying                Charms                       2
   d - Spectral Weapon                Hexes/Charms                 3
   e - Regeneration                   Charms/Necromancy            3
Comestibles
 d - 2 bread rations
 g - 2 beef jerkies
 h - a royal jelly
 i - a meat ration
 k - 2 fruits
 n - a slice of pizza


   Skills:
 + Level 3.5(3.2) Fighting
 + Level 4.8(4.5) Polearms
 - Level 0.6(0.3) Armour
 - Level 1.3(1.0) Dodging
 - Level 2.0(1.7) Spellcasting
 - Level 3.2(3.0) Charms


You had 6 spell levels left.
You knew the following spells:

 Your Spells              Type           Power        Failure   Level  Hunger
a - Infusion              Chrm           #.....       97%         1    ##.....


Dungeon Overview and Level Annotations

Branches:
Dungeon (2/15)

Altars:
Xom
Zin

Annotations:
D:2 Crazy Yiuf


Message History

* * * LOW HITPOINT WARNING * * *
You closely miss Crazy Yiuf.
Crazy Yiuf is lightly wounded.
* * * LOW HITPOINT WARNING * * *
You feel sick. Crazy Yiuf hits you but does no damage.
You hit Crazy Yiuf.
Crazy Yiuf is moderately wounded.
* * * LOW HITPOINT WARNING * * *
You feel sick.
You hit Crazy Yiuf.
Crazy Yiuf is moderately wounded.
Crazy Yiuf closely misses you.
You hit Crazy Yiuf.
Crazy Yiuf is heavily wounded.
* * * LOW HITPOINT WARNING * * *
You feel sick. Crazy Yiuf barely misses you.
You hit Crazy Yiuf.
Crazy Yiuf is heavily wounded.
Crazy Yiuf hits you with a quarterstaff of chaos.
You die...

...........###....####...#.......
.#.##.###### #....# ###########.
.#.........# ♣.♣PP♣ #...........
.####.#<#### ♣.PP♣♣ #...........
...........# ♣♣.♣♣ #########.#.
...........# ♣.♣♣ #....#......
.####.#.##.# ♣♣^♣ ####.#.####. .#
#.#>##.# ♣.♣♣ #.#....#.
.####+#.##.# ♣♣@♣ #.#.##.#.
........##.# #g# #.#.)....
........##.# ... #.#..#.#.
........##.# #...# ####.#.)#.#.
...........# #..)# #...........
........##.# ##### ##.#<.......
...........# #.....#.###.
.####.#....###### #####....#.....
......#.........# #..##....#.#...


You could see Crazy Yiuf.

Vanquished Creatures
  An adder (D:2)
  A gnoll (D:1)
  2 worms (D:2)
  8 bats
  5 goblins
  A hobgoblin (D:1)
  5 jackals (D:1)
  A giant cockroach (D:2)
  3 giant newts
  8 kobolds
  6 rats
  A fungus (D:2)
42 creatures vanquished.

Notes
Turn   | Place    | Note
--------------------------------------------------------------
     0 | D:1      | JokEr the Merfolk Skald began the quest for the Orb.
     0 | D:1      | Reached XP level 1. HP: 16/16 MP: 3/3
   492 | D:1      | Reached XP level 2. HP: 23/23 MP: 5/5
   998 | D:1      | Reached skill level 4 in Polearms
  1002 | D:1      | Reached XP level 3. HP: 29/29 MP: 6/6
  1318 | D:2      | Found a shimmering altar of Xom.
  1318 | D:2      | Found a glowing silver altar of Zin.
  1318 | D:2      | Noticed an angel
  2139 | D:2      | Reached XP level 4. HP: 33/35 MP: 7/7
  2395 | D:2      | Noticed Crazy Yiuf
  2408 | D:2      | HP: 1/35 [poisoned by Crazy Yiuf]
  2411 | D:2      | Slain by Crazy Yiuf

Vault maps used:
D:1:      eino_arrival_water_cross, minivault_25
D:2:      grunt_temple_overflow_order_and_chaos_1, first_bread,
          kennysheep_path_1, uniq_crazy_yiuf_cottage

Action                   |  1- 3 |  4- 6 || total
-------------------------+-------+-------++-------
Melee: Spear             |   191 |    29 ||   220
  Use: Scroll            |     2 |       ||     2
 Stab: Sleeping          |     1 |       ||     1
  Eat: Chunk             |     2 |       ||     2
       Bread ration      |     1 |       ||     1
